 Dungeon Crawl Stone Soup version 0.30.1-9-gdf580d7c3d (webtiles) character file.

Game seed: 1281083440189981879

1005 monsoonserge the Slasher (level 8, -1/103 HPs)
             Began as a Meteoran Monk on Oct 18, 2023.
             Was a Believer of Elyvilon.
             Succumbed to an orc's poison
             ... on level 5 of the Dungeon.
             The game lasted 00:17:50 (2790 turns).

monsoonserge the Slasher (Meteoran Monk)            Turns: 2790, Time: 00:17:51

Health: -1/103     AC: 24    Str: 18    XL:     8   Next: 72%
Magic:  3/12       EV:  2    Int: 12    God:    Elyvilon [**....]
Gold:   292        SH:  5    Dex: 19    Spells: 7/7 levels left

rFire   + . .        a - +0 falchion
rCold   + . .        d - orb {light}
rNeg    . . .        y - melded +0 troll leather armour {Pargi}
rPois   +            (helmet currently unavailable)
rElec   +            (cloak currently unavailable)
rCorr   +            (gloves currently unavailable)
SInv    .            (boots currently unavailable)
Will    +....        n - amulet of reflection
Stlth   +            z - +6 ring of strength
HPRegen 0.37/turn    (no ring)
MPRegen 0.13/turn

%: reflection
@: brilliant, lethally poisoned (-1 -> -11), tree-form, resistant, glowing
A: stationary, stasis, torment immunity, boosted hp, sense surroundings 1,
otherworldly, glowing, explore regen
a: Renounce Religion, Purification, Heal Other


You were on level 5 of the Dungeon.
You worshipped Elyvilon.
Elyvilon was pleased with you.
You were a tree.
You visited 1 branch of the dungeon, and saw 5 of its levels.
You also visited: Sewer.

You collected 292 gold pieces.

Inventory:

Hand Weapons
 a - a +0 falchion (weapon)
 f - a +1 dagger of pain
 r - a +0 sling of electrocution
Missiles
 j - 5 boomerangs (quivered)
 t - 3 javelins
 u - 6 atropa-tipped darts
 F - 8 poisoned darts
Armour
 d - an orb of light (worn)
 w - a +0 chain mail
 y - a +0 troll leather armour (melded) {Pargi}
 A - a +0 scale mail
Jewellery
 n - an amulet of reflection (around neck)
 x - a ring of wizardry
 z - a +6 ring of strength (left branch)
Scrolls
 c - a scroll of brand weapon {unknown}
 g - 5 scrolls of identify
 h - 3 scrolls of vulnerability {unknown}
 k - a scroll of enchant armour {unknown}
 l - 3 scrolls of teleportation
 m - a scroll of enchant weapon {unknown}
 s - 2 scrolls of poison {unknown}
 C - a scroll of amnesia {unknown}
 D - a scroll of silence {unknown}
 E - 2 scrolls of blinking {unknown}
Potions
 b - a potion of lignification
 i - 2 potions of attraction
 p - 2 potions of might
 q - a potion of mutation {unknown}
 v - a potion of berserk rage
 B - 2 potions of haste
 G - a potion of degeneration {unknown}


   Skills:
 + Level 5.5 Fighting
 + Level 7.4 Long Blades
 + Level 1.4 Throwing
 + Level 4.1 Armour
 + Level 5.4 Dodging
 * Level 4.0 Invocations


You had 7 spell levels left.
You didn't know any spells.
Your spell library was empty.

Dungeon Overview and Level Annotations

Branches:
Dungeon (5/15) Zot: 299     Sewer (visited)
 Temple: D:4-7

Altars:
Elyvilon
Sif Muna
Uskayaw
Zin
The Shining One


Innate Abilities, Weirdness & Mutations

You are a tree.
Your roots penetrate the ground, keeping you stationary.
You cannot be teleported.
You are immune to unholy pain and torment.
Your maximum health is greatly increased.
Your equipment is partially melded.
You passively map a small area around you.
You are easily found by Zot.
You glow in the dark.
You regain HP and MP as you explore.


Message History

You feel sick.
The sleepcap releases spores at you but does no damage.
You block the orc's attack. The orc misses you.
Your Invocations skill increases to level 4!
Unknown command.
You hit the sleepcap but do no damage.
You feel sick. The sleepcap releases spores at you!
* * * LOW HITPOINT WARNING * * *
The orc hits you but does no damage. The orc misses you.
Unknown command.
You slash the sleepcap!
The sleepcap is moderately damaged.
You feel sick. The sleepcap misses you. The orc closely misses you. x2
Unknown command.
You hit the sleepcap but do no damage.
The sleepcap is moderately damaged.
You feel sick.
The sleepcap releases spores at you but does no damage.
You block the orc's attack.
The orc hits you with a +1 flail of venom!
* * * LOW HITPOINT WARNING * * *
You are lethally poisoned!
It was a potion of lignification.
You turn into a tree.
Your +0 troll leather armour {Pargi} melds into your body.
Your roots penetrate the ground.
* * * LOW HITPOINT WARNING * * *
You feel very sick.
The sleepcap releases spores at you but does no damage.
The orc hits you but does no damage. The orc barely misses you.
Okay, then.
Okay, then.
It was a potion of resistance.
You feel protected.
* * * LOW HITPOINT WARNING * * *
You feel very sick.
The sleepcap releases spores at you but does no damage.
The orc hits you but does no damage. x2
It was a potion of brilliance.
You feel clever all of a sudden.
You die...

.......* , ....... * *
......( ....... ....... *
....... .......##
######### .......o###
####...##... ,
......†o♣.####.........##
,
.......f)................
...............##...####.
..............####### .
.................* *
.......#########.##
......# .# *##### * .###
#####...


You could see a sleepcap and 2 orcs.

Vanquished Creatures
  Pargi (Sewer)
  A black bear (D:4)
  A centaur (D:5)
  A gnoll sergeant (D:5)
  3 jellies
  An orc priest (D:5)
  2 iguanas (D:5)
  4 orc wizards
  7 gnolls
  2 river rats (D:3)
  9 adders
  A shadow imp (D:5)
  An ufetubus (D:5)
  A worm (D:2)
  3 dart slugs
  7 orcs
  2 endoplasms
  4 giant cockroaches
  9 hobgoblins
  5 jackals
  2 quokkas
  5 ball pythons
  5 bats
  4 frilled lizards
  5 goblins
  7 kobolds
  11 rats
104 creatures vanquished.

Vanquished Creatures (others)
  A scorpion (D:5)
1 creature vanquished.

Grand Total: 105 creatures vanquished

Notes
Turn   | Place    | Note
-------+----------+-------------------------------------------
     0 | D:1      | monsoonserge the Meteoran Monk began the quest for the Orb.
     0 | D:1      | Reached XP level 1. HP: 19/19 MP: 2/2
    58 | D:1      | Reached XP level 2. HP: 20/26 MP: 3/3
   294 | D:1      | Reached skill level 4 in Long Blades
   297 | D:1      | Reached XP level 3. HP: 31/31 MP: 4/4
   338 | D:1      | Reached skill level 1 in Armour
   494 | D:1      | Glimpsed the power of Zot.
   543 | D:1      | Glimpsed the power of Zot.
   632 | D:2      | Reached XP level 4. HP: 34/40 MP: 5/5
   884 | D:2      | Reached XP level 5. HP: 43/46 MP: 6/6
  1046 | D:3      | Found a hide-covered altar of Uskayaw.
  1046 | D:3      | Noticed a +0 dagger
  1046 | D:3      | Noticed a +0 falchion
  1046 | D:3      | Noticed a +0 falchion
  1047 | D:3      | Noticed a +0 dagger
  1047 | D:3      | Noticed a +0 spear
  1047 | D:3      | Noticed a +0 short sword
  1053 | D:3      | Noticed a +0 spear
  1054 | D:3      | Noticed a +0 short sword
  1101 | D:3      | Found a shimmering blue altar of Sif Muna.
  1179 | D:3      | Found a glowing drain.
  1183 | Sewer    | Entered a sewer
  1201 | Sewer    | Noticed Pargi
  1216 | Sewer    | Killed Pargi
  1217 | Sewer    | Reached skill level 5 in Long Blades
  1217 | Sewer    | Reached XP level 6. HP: 15/53 MP: 7/7
  1426 | D:3      | Found a faded altar of an unknown god.
  1438 | D:3      | Prayed at the altar of an unknown god.
  1438 | D:3      | Became a worshipper of Elyvilon the Healer
  1438 | D:3      | Reached * piety under Elyvilon
  1438 | D:3      | Reached ** piety under Elyvilon
  1584 | D:3      | Reached *** piety under Elyvilon
  2066 | D:4      | Reached skill level 1 in Invocations
  2069 | D:4      | Noticed a black bear
  2076 | D:4      | Killed a black bear
  2077 | D:4      | Reached skill level 6 in Long Blades
  2077 | D:4      | Reached XP level 7. HP: 48/60 MP: 7/9
  2280 | D:4      | Found a glowing silver altar of Zin.
  2284 | D:4      | Found a glowing golden altar of the Shining One.
  2334 | D:5      | Entered Level 5 of the Dungeon
  2428 | D:5      | Reached skill level 5 in Fighting
  2428 | D:5      | Reached skill level 5 in Dodging
  2494 | D:5      | Reached XP level 8. HP: 68/68 MP: 9/11
  2618 | D:5      | HP: 3/68 [gnoll/+0 spear[a gnoll sergeant] (7)]
  2620 | D:5      | HP: 1/68 [gnoll/+0 spear[a gnoll sergeant] (4)]
  2709 | D:5      | Reached skill level 7 in Long Blades
  2775 | D:5      | Reached skill level 1 in Throwing
  2788 | D:5      | HP: 4/103 [poisoned by an orc]
  2789 | D:5      | HP: 1/103 [poisoned by an orc]
  2790 | D:5      | Succumbed to an orc's poison

Illustrated notes

Levels and vault maps discovered:
D:1:      saegor_arrival_simple_a, layout_basic, minmay_split_cup_small
D:2:      minmay_spotlight, layout_loops_cross, minmay_crystal_room
D:3:      layout_loops_ring, nicolae_uskayaw_en_pointe,
          nicolae_sif_muna_condensation, gup_sewer_entry_spiral,
          basic_ecumenical_altar, serial_bayou_crossing
D:4:      layout_basic, grunt_temple_overflow_open, serial_rivers,
          chequers_serial_rivers_room_a, chequers_serial_rivers_micro_a,
          chequers_serial_rivers_small_b, chequers_serial_rivers_micro_d
D:5:      corexii_shack_village, layout_rooms, serial_bayou_ford_a,
          chequers_garden

Skill      XL: |  1  2  3  4  5  6  7  8 |
---------------+-------------------------+-----
Long Blades    | 4 5 6 7 |  7.4
Dodging        | 4 5 |  5.4
Armour         | 1 2 3 4 |  4.1
Fighting       | 4 5 |  5.5
Invocations    | 1 2 4 |  4.0
Throwing       | 1 |  1.4

Action                     |  1- 3 |  4- 6 |  7- 9 || total
---------------------------+-------+-------+-------++-------
  Melee: Falchion          |    75 |   130 |   142 ||   347
  Throw: Boomerang         |       |     2 |    10 ||    12
         Javelin           |       |       |     4 ||     4
 Invoke: Heal Self         |       |       |     7 ||     7
         Heal Other        |       |       |     5 ||     5
    Use: Potion            |       |     1 |     5 ||     6
         Scroll            |       |     4 |       ||     4
 Armour: Robe              |     4 |       |       ||     4
         Leather armour    |    19 |    19 |       ||    38
         Troll leather arm |       |     6 |    16 ||    22
         Skin              |       |       |     5 ||     5
  Dodge: Dodged            |    36 |    57 |    97 ||   190
  Block: Orb               |     2 |    30 |    37 ||    69
         Reflection        |       |       |     3 ||     3
